 Dungeon Crawl Stone Soup version 0.16-a0-148-g3b84123 (webtiles) character file.

894 HiobMontag the Grave Robber (level 7, -1/56 HPs)
             Began as a Deep Dwarf Necromancer on Aug 16, 2014.
             Was an Initiate of Kikubaaqudgha.
             Shot with an arrow by a centaur (8 damage)
             ... on Level 5 of the Dungeon.
             The game lasted 00:39:47 (4764 turns).

HiobMontag the Grave Robber (DDNe)                  Turns: 4764, Time: 00:39:47

HP  -1/56        AC  3     Str 12      XL: 7   Next: 78%
MP  16/18        EV 13     Int 17      God: Kikubaaqudgha [......]
Gold 227         SH  0     Dex 13      Spells:  5 memorised,  3 levels left

rFire  . . .     SeeInvis .     a - +0 quarterstaff
rCold  . . .     Clarity  .     y - +0 robe
rNeg   . . .     rCorr    .     (no shield)
rPois  .         rRot     .     (no helmet)
rElec  .         Spirit   .     (no cloak)
SustAb .         Warding  .     (no gloves)
rMut   .         Stasis   .     t - +0 pair of boots
Gourm  .                        (no amulet)
MR     +....                    (no ring)
                                (no ring)

@: non-regenerating, somewhat resistant to hostile enchantments, unstealthy
A: damage resistance, recharge devices, sense surroundings 1, slow healing 3
a: Device Recharging, Renounce Religion


You were on level 5 of the Dungeon.
You worshipped Kikubaaqudgha.
Kikubaaqudgha was noncommittal.
You were not hungry.

You visited 2 branches of the dungeon, and saw 6 of its levels.

You collected 227 gold pieces.

Inventory:

Hand weapons
 a - a +0 quarterstaff (weapon)
 b - a +0 hunting sling
 A - a cursed -2 dagger
Missiles
 g - 14 sling bullets
 k - 3 tomahawks (quivered)
Armour
 q - a +2 robe of cold resistance
 t - a +0 pair of boots (worn)
 y - a +0 robe (worn)
Magical devices
 c - a wand of heal wounds (2)
 o - a wand of fire (0)
 D - a wand of digging (11)
Comestibles
 d - 5 bread rations
 i - 2 beef jerkies
 w - 2 meat rations
 B - 4 rotting chunks of gnoll flesh
 F - a chunk of adder flesh
Scrolls
 f - 2 scrolls of magic mapping
 h - 2 scrolls of teleportation
 p - 2 scrolls of immolation {unknown}
 r - a scroll of fear {unknown}
 s - a scroll of noise {unknown}
 u - a scroll of recharging {unknown}
 C - a scroll of remove curse
 E - a scroll of amnesia {unknown}
Jewellery
 x - a +3 ring of protection {unknown}
Potions
 e - 4 potions of curing
 m - a potion of might {unknown}
 n - a potion of lignification {unknown}
 v - a potion of berserk rage {unknown}
Books
 j - a book of Necromancy

   Spells                             Type                      Level
   *Pain                              Necromancy                   1
   *Animate Skeleton                  Necromancy                   1
   *Vampiric Draining                 Necromancy                   3
   Regeneration                       Charms/Necromancy            3
   *Animate Dead                      Necromancy                   4
   *Control Undead                    Necromancy                   4
Magical staves
 l - an uncursed staff of cold {unknown}
 z - an uncursed staff of air {unknown}


   Skills:
 + Level 0.5 Fighting
 + Level 2.1 Slings
 + Level 3.4 Dodging
 + Level 2.9 Stealth
 + Level 5.0 Spellcasting
 + Level 7.6 Necromancy
 + Level 1.1 Evocations


You had 3 spell levels left.
You knew the following spells:

 Your Spells              Type           Power        Failure   Level  Hunger
a - Pain                  Necr           ####         1%          1    None
b - Animate Skeleton      Necr           N/A          1%          1    None
c - Vampiric Draining     Necr           ####......   1%          3    ###....
d - Animate Dead          Necr           N/A          10%         4    ####...
e - Control Undead        Necr           ####......   10%         4    ####...


Dungeon Overview and Level Annotations

Branches:
Dungeon (5/15)             Temple (1/1) D:5

Altars:
Ashenzari
Cheibriados
Dithmenos
Elyvilon
Fedhas
Gozag
Kikubaaqudgha
Makhleb
Nemelex Xobeh
Okawaru
Sif Muna
Trog
Vehumet
Xom
Yredelemnul
Zin

Annotations:
D:3 Sachiko's ghost, average MiFi


Innate Abilities, Weirdness & Mutations

You are resistant to damage.
You can recharge devices by infusing magical energy.
You passively map a small area around you.
You do not heal naturally.


Message History

Zapping:
D - a twisted silver wand
Press: ? - help, Shift-Dir - straight line, f/p - centaur
Aim: a centaur, wielding a shortbow Nothing appears to happen.
D - a wand of digging {zapped: 1} The centaur shoots an arrow.
The arrow hits you but does no damage.
The centaur shoots an arrow.
The arrow hits you!
* * * LOW HITPOINT WARNING * * *
What do you say? t - Shout!
Orders for allies: a - Attack new target. p - Attack previous target. r - Retreat! s - Stop attacking. w - Wait here. f - Follow me.
Anything else - Stay silent.
Gang up on whom?
Press: ? - help, Dir - move target cursor, f/p - centaur
Aim: a centaur, wielding a shortbow Attack!
The centaur shoots an arrow.
The arrow hits you!
You die...
Kikubaaqudgha rasps: "You have failed me!
Welcome... death!"

*...$........###
.....c...#### , , ,
........(## *
......... *
#..(...#* #......#
#....!#
###########....(#
##........#....Z@##
................(.#
..................#
..................##
...................#
.............#####.#
.............#.#.#.#
.............#.#.#.#
........)....#...#.#


You could see a centaur and a friendly gnoll skeleton.

Vanquished Creatures
  The ghost of Sachiko the Cutter, an average KoBe of Trog (D:4)
  A centaur (D:5)
  Sigmund (D:5)
  4 scorpions (D:5)
  A crimson imp (D:5)
  An orc priest (D:3)
  An iguana (D:5)
  2 hounds
  A gnoll shaman (D:5)
  2 worker ants
  5 adders
  4 gnolls (D:5)
  A giant mite (D:4)
  2 worms
  4 giant geckos
  An ooze (D:1)
  4 orcs
  2 giant cockroaches
  8 goblins
  6 hobgoblins
  2 jackals (D:3)
  A ball python (D:3)
  9 bats
  4 giant newts
  A goblin skeleton (D:4)
  7 kobolds
  4 rats
80 creatures vanquished.

Vanquished Creatures (collateral kills)
  A gnoll (D:5)
  An adder (D:2)
  A worm (D:3)
  A goblin (D:1)
  A rat (D:2)
5 creatures vanquished.

Vanquished Creatures (others)
  A hound skeleton (D:4)
  3 adder skeletons
  6 bat skeletons
  A giant gecko skeleton (D:3)
  2 gnoll skeletons (D:5)
  2 goblin skeletons
  2 hobgoblin skeletons
  A kobold skeleton (D:2)
  An orc skeleton (D:3)
  3 rat skeletons
22 creatures vanquished.

Grand Total: 107 creatures vanquished

Notes
Turn   | Place    | Note
--------------------------------------------------------------
     0 | D:1      | HiobMontag, the Deep Dwarf Necromancer, began the quest for the Orb.
     0 | D:1      | Reached XP level 1. HP: 15/15 MP: 2/2
     6 | D:1      | Noticed a black mamba
     6 | D:1      | Noticed a black bear
     6 | D:1      | Noticed a seven-headed hydra
     8 | D:1      | Noticed a swamp worm
    66 | D:1      | Learned a level 1 spell: Animate Skeleton
   245 | D:1      | Reached XP level 2. HP: 22/22 MP: 0/3
   475 | D:1      | Reached skill level 5 in Necromancy
   938 | D:2      | Reached XP level 3. HP: 25/28 MP: 0/6
  1069 | D:2      | Learned a level 3 spell: Vampiric Draining
  1843 | D:3      | Reached XP level 4. HP: 36/36 MP: 0/8
  2066 | D:3      | Noticed Sachiko's ghost (average MiFi)
  2775 | D:3      | Reached XP level 5. HP: 24/42 MP: 1/11
  3114 | D:4      | Noticed Sachiko's ghost (average KoBe)
  3162 | D:4      | Reached skill level 1 in Slings
  3166 | D:4      | Reached skill level 6 in Necromancy
  3578 | D:4      | Found a burning altar of Makhleb.
  3832 | D:5      | Entered Level 5 of the Dungeon
  3940 | D:5      | Noticed a centaur
  3987 | D:5      | Found a staircase to the Ecumenical Temple.
  3994 | Temple   | Entered the Ecumenical Temple
  4055 | Temple   | Learned a level 4 spell: Animate Dead
  4110 | Temple   | Became a worshipper of Kikubaaqudgha
  4206 | D:5      | Reached XP level 6. HP: 43/49 MP: 10/13
  4228 | D:4      | Killed Sachiko's ghost
  4228 | D:4      | Reached XP level 7. HP: 35/55 MP: 10/17
  4280 | D:4      | Learned a level 4 spell: Control Undead
  4597 | D:5      | Reached skill level 7 in Necromancy
  4637 | D:5      | Noticed Sigmund
  4646 | D:5      | Killed Sigmund
  4692 | D:5      | Noticed a centaur
  4693 | D:5      | Killed a centaur
  4711 | D:5      | Found a shimmering altar of Xom.
  4747 | D:5      | Reached skill level 5 in Spellcasting
  4747 | D:5      | Reached skill level 1 in Evocations
  4764 | D:5      | Shot with an arrow by a centaur

Action                   |  1- 3 |  4- 6 |  7- 9 || total
-------------------------+-------+-------+-------++-------
 Fire: Hunting sling     |    19 |    39 |     2 ||    60
Throw: Tomahawk          |       |       |     6 ||     6
 Cast: Pain              |    62 |    55 |    25 ||   142
       Animate Skeleton  |    18 |    10 |     4 ||    32
       Vampiric Draining |     4 |    10 |     9 ||    23
Evoke: Wand              |       |     7 |     6 ||    13
  Use: Scroll            |     2 |     4 |       ||     6
       Potion            |     1 |       |       ||     1
  Eat: Chunk             |     4 |     7 |     3 ||    14
       Beef jerky        |       |     1 |       ||     1
